 Dungeon Crawl Stone Soup version 0.26.0-10-g1f06aea511 (webtiles) character file.

Game seed: 11175784896806421754

225 kaesh the Chopper (level 5, 0/48 HPs)
             Began as a Minotaur Berserker on Jan 18, 2021.
             Was a Priest of Trog.
             Splashed by Ijyb's acid (12 damage)
             ... on level 3 of the Dungeon.
             The game lasted 00:04:47 (2201 turns).

kaesh the Chopper (Minotaur Berserker)              Turns: 2201, Time: 00:04:49

Health: 0/48       AC: 12    Str: 23    XL:     5   Next: 68%
Magic:  4/4        EV:  7    Int:  4    God:    Trog [***...]
Gold:   120        SH:  0    Dex:  9    Spells: 4/4 levels left

rFire    + . .     SeeInvis .   b - +0 war axe
rCold    . . .     Faith    .   (no shield)
rNeg     . . .     Spirit   .   a - +0 plate armour
rPois    .         Reflect  .   (helmet restricted)
rElec    .         Harm     .   (no cloak)
rCorr    .         Rampage  .   (no gloves)
Will     .....     Rnd*Tele +   e - +0 pair of boots
Stlth    ..........             (no amulet)
HPRegen  0.16/turn              g - ring of protection from fire
MPRegen  0.09/turn              h - ring of teleportation (curse)

@: no status effects
A: retaliatory headbutt, horns 2
a: Renounce Religion, Berserk, Trog's Hand


You were on level 3 of the Dungeon.
You worshipped Trog.
Trog was most pleased with you.
You visited 1 branch of the dungeon, and saw 3 of its levels.

You collected 120 gold pieces.

Inventory:

Hand Weapons
 b - a +0 war axe (weapon)
Armour
 a - a +0 plate armour (worn)
 e - a +0 pair of boots (worn)
Jewellery
 g - a ring of protection from fire (left hand)
 h - a cursed ring of teleportation (right hand)
Scrolls
 d - 2 scrolls of identify
Potions
 f - a potion of haste


   Skills:
 + Level 5.1 Fighting
 + Level 6.0 Axes
 + Level 3.3 Armour
 + Level 2.9 Dodging


You had 4 spell levels left.
You didn't know any spells.
Your spell library was empty.

Dungeon Overview and Level Annotations

Branches:
Dungeon (3/15)

Altars:
Trog

Annotations:
D:3 Ijyb


Innate Abilities, Weirdness & Mutations

You reflexively headbutt those who attack you in melee.
You have a pair of horns on your head.


Message History

There is an open door here.
You hit the orc.
The orc is heavily wounded.
The orc hits you but does no damage.
Ijyb screams, "You nasty!
Big nasty!"
You hit the orc. You headbutt the orc.
You kill the orc!
Trog accepts your kill.
You slash the orc!
You kill the orc!
Trog accepts your kill.
You closely miss the orc. The orc closely misses you.
You closely miss the orc. The orc hits you but does no damage.
Ijyb zaps a wand.
The bolt of acid hits the orc!
The orc is splashed with acid.
The acid corrodes the orc!
The orc dies!
The bolt of acid hits you!!
* * * LOW HITPOINT WARNING * * *
You are splashed with acid!
You die...

.>#
#########.###
#...........#
#...........#
#...........#
#...........#
#........)..#
#....|###'###
#....o)@..#
#.....#####
#.$.g##
#....#
#....)#
#....o#
#.....#
#..g..#
#.....#


You could see Ijyb and an orc priest.

Vanquished Creatures
  A water moccasin skeleton (D:3)
  A centaur zombie (D:3)
  An orc wizard (D:3)
  4 adders
  An ooze (D:1)
  A worm (D:2)
  12 orcs (D:3)
  A ball python (D:1)
  5 bats
  6 giant cockroaches
  3 goblins (D:2)
  9 hobgoblins
  5 frilled lizards
  4 kobolds
  11 rats
65 creatures vanquished.

Vanquished Creatures (others)
  An orc (D:3)
1 creature vanquished.

Grand Total: 66 creatures vanquished

Notes
Turn   | Place    | Note
-------+----------+-------------------------------------------
     0 | D:1      | kaesh the Minotaur Berserker began the quest for the Orb.
     0 | D:1      | Reached XP level 1. HP: 19/19 MP: 0/0
     6 | D:1      | Noticed an electric eel
   267 | D:1      | Reached XP level 2. HP: 25/27 MP: 1/1
   307 | D:1      | Reached skill level 4 in Axes
   831 | D:1      | Reached ** piety under Trog
  1008 | D:2      | Reached XP level 3. HP: 33/33 MP: 2/2
  1109 | D:2      | Noticed a moth of wrath
  1113 | D:2      | Found a bloodstained altar of Trog.
  1864 | D:3      | Reached XP level 4. HP: 41/41 MP: 3/3
  1938 | D:3      | Reached skill level 5 in Axes
  1977 | D:3      | Reached XP level 5. HP: 43/47 MP: 4/4
  2090 | D:3      | Reached skill level 5 in Fighting
  2111 | D:3      | Reached skill level 6 in Axes
  2174 | D:3      | Reached *** piety under Trog
  2192 | D:3      | Noticed Ijyb
  2201 | D:3      | Splashed by Ijyb's acid

Illustrated notes

Levels and vault maps discovered:
D:1:      arrival_aquarium_a, layout_loops_ring, minmay_misc_feat_plants
D:2:      layout_basic, minmay_misc_feat_chi, tgw_trog
D:3:      layout_basic, uniq_ijyb, uniq_crazy_yiuf_cottage

Skill      XL: |  1  2  3  4  5 |
---------------+----------------+-----
Fighting       | 4 5 |  5.1
Axes           | 4 5 6 |  6.0
Armour         | 3 |  3.3
Dodging        | |  2.9

Action                   |  1- 3 |  4- 6 || total
-------------------------+-------+-------++-------
Melee: Hand axe          |    69 |       ||    69
       Headbutt          |    12 |    11 ||    23
       War axe           |    13 |    58 ||    71
  Use: Scroll            |     5 |       ||     5
       Potion            |     2 |     1 ||     3
Armor: Ring mail         |    17 |       ||    17
       Leather armour    |    10 |       ||    10
       Chain mail        |     8 |    25 ||    33
       Plate armour      |       |     3 ||     3
Dodge: Dodged            |    43 |    27 ||    70
